 Dungeon Crawl Stone Soup version 0.18-a0-964-g5edc98f (webtiles) character file.

578 Oddball22 the Caller (level 7, -4/79 HPs)
             Began as a Demonspawn Artificer on Jan 1, 2016.
             Was an Initiate of Pakellas.
             Slain by a mummy (12 damage)
             ... in an ossuary.
             The game lasted 00:11:23 (4093 turns).

Oddball22 the Caller (Demonspawn Artificer)         Turns: 4093, Time: 00:11:24

Health: -4/79      AC: 23    Str: 11    XL:     7   Next: 13%
Magic:  3/11       EV:  2    Int: 14    God:    Pakellas [......]
Gold:   97         SH:  0    Dex: 20    Spells: 1 memorised, 8 levels left

rFire  . . .     SeeInvis .     a - +0 short sword
rCold  . . .     Gourm    .     (armour currently unavailable)
rNeg   + + +     Faith    .     (no shield)
rPois  +         Spirit   .     (helmet currently unavailable)
rElec  .         Dismiss  .     (cloak currently unavailable)
rCorr  .         Reflect  .     (gloves currently unavailable)
SustAt .         Harm     +     (boots currently unavailable)
MR     .....     NoTele   +     u - amulet of harm
Stlth  +++.......               h - ring of invisibility
                                m - ring of poison resistance

@: agile, tree-form, not resistant to hostile enchantments, fairly stealthy
A: (horns 0), blink
a: Blink, Renounce Religion, Evoke Invisibility


You were in an ossuary.
You worshipped Pakellas.
Pakellas was noncommittal.
You were hungry.
You were a tree.
You visited 2 branches of the dungeon, and saw 6 of its levels.
You also visited: Ossuary.

You collected 97 gold pieces.

Inventory:

Hand Weapons
 a - a +0 short sword (weapon)
Armour
 b - a +0 leather armour (melded)
 n - a +0 pair of gloves (melded)
 y - the +6 plate armour of Oqoafun {rElec, unknown}
   (You found it on level 4 of the Dungeon)

   It insulates you from electricity.
Jewellery
 h - a ring of invisibility (right branch)
 m - a ring of poison resistance (left branch)
 q - an uncursed ring of fire {unknown}
 u - an amulet of harm (around neck)
Wands
 c - a wand of flame (5/48)
 d - a wand of enslavement (15/24)
 e - a wand of random effects (4/48)
 r - a wand of polymorph (10/24)
Scrolls
 g - a scroll of teleportation {unknown}
 i - 3 scrolls of remove curse
 k - a scroll of identify
 p - a scroll of amnesia {unknown}
 t - a scroll of recharging {unknown}
 v - 2 scrolls of blinking {unknown}
 w - a scroll of immolation {unknown}
 x - a scroll of fear {unknown}
 z - a scroll of magic mapping {unknown}
Books
 s - a book of Beasts

   Spells                             Type                      Level
   a - Summon Butterflies             Summoning                    1
   b - Call Canine Familiar           Summoning                    3
   c - Summon Ice Beast               Ice/Summoning                4
   d - Summon Mana Viper              Hexes/Summoning              5
   e - Summon Hydra                   Summoning                    7
Comestibles
 f - 3 bread rations
 j - 3 fruits
 A - 3 chunks of flesh


   Skills:
 - Level 3.8 Fighting
 - Level 0.8 Short Blades
 - Level 3.1 Dodging
 - Level 0.8 Stealth
 + Level 2.9 Spellcasting
 * Level 4.5 Summonings
 - Level 3.0 Evocations


You had 8 spell levels left.
You knew the following spells:

 Your Spells              Type           Power        Failure   Level  Hunger
a - Call Canine Familiar  Summ           ##......     12%         3    ###....


Dungeon Overview and Level Annotations

Branches:
Dungeon (5/15)             Temple (1/1) D:4

Altars:
Ashenzari
Cheibriados
Dithmenos
Elyvilon
Fedhas
Gozag
Makhleb
Pakellas
Ru
Sif Muna
Vehumet
Yredelemnul
Zin
The Shining One


Innate Abilities, Weirdness & Mutations

((You have a pair of horns on your head.))
You can translocate small distances at will.


Message History

Cherryjuice's ghost hits you but does no damage.
Your hound misses the adder zombie.
The gnoll zombie hits you but does no damage.
The big kobold zombie hits you but does no damage.
Evoke which item? (* to show all) (? for menu, Esc to quit)
Zapping:
e - a wand of random effects (5/48)
Press: ? - help, Shift-Dir - straight line, f/p - Cherryjuice's ghost
Aim: Cherryjuice's ghost (heavily damaged)
The bolt of cold hits Cherryjuice's ghost.
You destroy Cherryjuice's ghost!
Pakellas accepts your kill.
Your Summonings skill increases to level 4!
You have reached level 7!
This wand has 4 charges left.
The adder zombie bites you but does no damage.
Your hound bites the adder zombie.
The elf zombie hits you but does no damage.
The rat zombie bites you but does no damage.
The mummy hits you!
You die...

..................
...................
...................
.........∩∩........
...................
..............M....
...........Z.......
.........ZZMZ......
.##......ZZ♣ZM....#
#.......Z.Z.....#
.........h........
...................
........#####......
......... ......
..... ...... ##
######


You could see 3 mummies, an adder zombie, a rat zombie, 3 gnoll zombies, 2 big
kobold zombies, an elf zombie, a human zombie and a friendly hound.

Vanquished Creatures
  Grinder (D:4)
  The ghost of Cherryjuice the Covert, an amateur SpAs of Ashenzari (Ossuary)
  A crimson imp (D:3)
  A hound (D:4)
  A worker ant (D:4)
  A hound zombie (Ossuary)
  4 adders
  An ooze (D:2)
  An adder skeleton (D:4)
  A worm (D:2)
  2 giant geckos
  An orc (D:3)
  2 giant cockroaches (D:2)
  7 hobgoblins
  6 jackals
  4 kobolds
  A quokka (D:2)
  7 bats
  5 giant newts
  8 goblins
  2 rats (D:3)
58 creatures vanquished.

Vanquished Creatures (collateral kills)
  A hound zombie (Ossuary)
  An adder zombie (Ossuary)
2 creatures vanquished.

Vanquished Creatures (others)
  A mummy (Ossuary)
1 creature vanquished.

Grand Total: 61 creatures vanquished

Notes
Turn   | Place    | Note
--------------------------------------------------------------
     0 | D:1      | Oddball22 the Demonspawn Artificer began the quest for the Orb.
     0 | D:1      | Reached XP level 1. HP: 15/15 MP: 3/3
   775 | D:2      | Found a shadowy altar of Dithmenos.
   780 | D:2      | Found a shattered altar of Ashenzari.
   780 | D:2      | Found a radiant altar of Vehumet.
   837 | D:2      | Gained mutation: You have a pair of small horns on your head. [demonic ancestry]
   837 | D:2      | Reached XP level 2. HP: 21/21 MP: 4/4
  1209 | D:2      | Gained mutation: You have a pair of horns on your head. [demonic ancestry]
  1209 | D:2      | Reached XP level 3. HP: 13/28 MP: 5/5
  2318 | D:2      | Found a sacrificial altar of Ru.
  2592 | D:3      | Reached XP level 4. HP: 35/35 MP: 6/6
  2707 | D:3      | HP: 1/35 [crimson imp (5)]
  2709 | D:3      | Gained mutation: You can translocate small distances at will. [potion of beneficial mutation]
  3435 | D:3      | Learned a level 3 spell: Call Canine Familiar
  3501 | D:4      | Found a staircase to the Ecumenical Temple.
  3536 | Temple   | Entered the Ecumenical Temple
  3579 | Temple   | Became a worshipper of Pakellas the Inventive
  3601 | D:4      | Reached skill level 1 in Summonings
  3601 | D:4      | Reached XP level 5. HP: 26/42 MP: 7/7
  3694 | D:4      | Got a slimy plate armour
  3709 | D:4      | Found a blossoming altar of Fedhas.
  3759 | D:4      | Noticed Grinder
  3761 | D:4      | Paralysed by Grinder for 6 turns
  3771 | D:4      | Killed Grinder
  3771 | D:4      | Reached XP level 6. HP: 19/48 MP: 7/9
  4053 | D:4      | You fall through a shaft!
  4053 | D:5      | Entered Level 5 of the Dungeon
  4053 | D:5      | Found a sand-covered staircase.
  4057 | Ossuary  | Entered an ossuary
  4059 | Ossuary  | Noticed Cherryjuice's ghost (amateur SpAs)
  4093 | Ossuary  | Killed Cherryjuice's ghost
  4093 | Ossuary  | Reached skill level 4 in Summonings
  4093 | Ossuary  | Reached XP level 7. HP: 8/53 MP: 3/11
  4093 | Ossuary  | Slain by a mummy

Vault maps used:
D:1:      saegor_arrival_simple_d
D:2:      lemuel_crystal_altar, grunt_temple_overflow_open, hex_medium,
          minmay_unequal
D:4:      kennysheep_mini_moat, minmay_temple_entry_mist, gup_sewer_entry_bowl,
          fedhas_altar_1, uniq_duvessa, uniq_grinder
D:5:      first_bread, serial_glass, glass_columns_b, glass_columns_b,
          nicolae_ossuary_entry_monument, basic_altar, grunt_pakellas_basics
Temple:   circular_temple_12
Ossuary:  ossuary_minmay_tomb_2a

Action                   |  1- 3 |  4- 6 |  7- 9 || total
-------------------------+-------+-------+-------++-------
Melee: Short sword       |   136 |   160 |       ||   296
 Cast: Call Canine Famil |       |     2 |       ||     2
Evoke: Wand              |     1 |    19 |     1 ||    21
  Use: Potion            |     1 |     8 |       ||     9
       Scroll            |       |     2 |       ||     2
 Stab: Sleeping          |     1 |       |       ||     1
       Invisible         |       |     3 |       ||     3
  Eat: Chunk             |     5 |     5 |       ||    10
